TOP OF THE 1ST |
Seattle Pikes batting - Pitching for Portland Cards : RHP Gustavo Ramos
|
Pitching: RHP Gustavo Ramos
|
|
Batting: RHB Pete Rideout
|
0-0: Ball 1-0: Called Strike 1-1: Ball 2-1: Swinging Strike 2-2: Foul Ball, location: 2F 2-2: Strikes out swinging
|
Batting: LHB Richard Hunter
|
0-0: DOUBLE (Line Drive, 89S)
|
Batting: LHB John Clark
|
0-0: Fly out, F7 (Flyball, 7S)
|
Batting: RHB Randy Sheppard
|
0-0: Ground out 5-3 (Groundball, 56)
|
Top of the 1st over - 0 runs, 1 hit, 0 errors, 1 left on base; Seattle 0 - Portland 0 |
BOTTOM OF THE 1ST |
Portland Cards batting - Pitching for Seattle Pikes : LHP David Hill
|
Pitching: LHP David Hill
|
|
Batting: RHB Carlos Sánchez
|
0-0: Foul Ball, location: 2F 0-1: Ball 1-1: Bunt missed! 1-2: Foul Ball, location: 2F 1-2: SINGLE (Groundball, 6D)
|
Batting: RHB Peter Hensley
|
0-0: Foul Ball, location: 2F 0-1: Ball 1-1: Foul Ball, location: 2F 1-2: Foul Ball, location: 2F 1-2: Ball 2-2: Foul Ball, location: 2F 2-2: Grounds into double play, 6-4-3 (Groundball, 6)
|
Batting: LHB Paul Mullins
|
0-0: SOLO HOME RUN (Flyball, 7LD), Distance : 333 ft
|
Batting: SHB Giancarlo Giannini
|
0-0: Ground out 6-3 (Groundball, 56)
|
Bottom of the 1st over - 1 run, 2 hits, 0 errors, 0 left on base; Seattle 0 - Portland 1 |
TOP OF THE 2ND |
Seattle Pikes batting - Pitching for Portland Cards : RHP Gustavo Ramos
|
Batting: SHB António Hernández
|
0-0: Ball 1-0: Ball 2-0: Fly out, F9 (Flyball, 89D)
|
Batting: RHB Seiji Kouno
|
0-0: Ball 1-0: Foul Ball, location: 2F 1-1: Reached on error, E6 (Groundball, 56)
|
Batting: SHB Richard Bowman
|
0-0: Called Strike 0-1: Fly out, F8 (Flyball, 8LD)
|
Batting: RHB António López
|
0-0: Ball 1-0: Ball 2-0: Ball 3-0: Called Strike 3-1: Called Strike 3-2: Strikes out swinging
|
Top of the 2nd over - 0 runs, 0 hits, 1 error, 1 left on base; Seattle 0 - Portland 1 |
BOTTOM OF THE 2ND |
Portland Cards batting - Pitching for Seattle Pikes : LHP David Hill
|
Batting: RHB Bonifacio Torres
|
0-0: Called Strike 0-1: Ball 1-1: Ground out 5-3 (Groundball, 56)
|
Batting: RHB Norm Francis
|
0-0: Foul Ball, location: 2F 0-1: Ground out 6-3 (Groundball, 6)
|
Batting: LHB Caleb Hall
|
0-0: Ball 1-0: Swinging Strike 1-1: Foul Ball, location: 2F 1-2: Ball 2-2: Foul Ball, location: 2F 2-2: Strikes out swinging
|
Bottom of the 2nd over - 0 runs, 0 hits, 0 errors, 0 left on base; Seattle 0 - Portland 1 |
TOP OF THE 3RD |
Seattle Pikes batting - Pitching for Portland Cards : RHP Gustavo Ramos
|
Batting: LHB Javier Martínez
|
0-0: Ball 1-0: Called Strike 1-1: Swinging Strike 1-2: Ball 2-2: Strikes out swinging
|
Batting: RHB Pete Rideout
|
0-0: Foul Ball, location: 2F 0-1: Called Strike 0-2: Ball 1-2: Reached on error, E1 (Groundball, 15S)
|
Batting: LHB Richard Hunter
|
0-0: Ball 1-0: Called Strike 1-1: Ball 2-1: Ball 3-1: Foul Ball, location: 2F 3-2: Foul Ball, location: 2F 3-2: Fly out, F7 (Line Drive, 78D)
|
Batting: LHB John Clark
|
0-0: Called Strike 0-1: Foul Ball, location: 2F 0-2: Ball 1-2: Foul Ball, location: 2F 1-2: Strikes out swinging
|
Top of the 3rd over - 0 runs, 0 hits, 1 error, 1 left on base; Seattle 0 - Portland 1 |
BOTTOM OF THE 3RD |
Portland Cards batting - Pitching for Seattle Pikes : LHP David Hill
|
Batting: RHB Jesús Gutiérrez
|
0-0: Foul Ball, location: 2F 0-1: Ball 1-1: Swinging Strike 1-2: Foul Ball, location: 2F 1-2: Ground out 4-3 (Groundball, 34)
|
Batting: LHB Joel Nelson
|
0-0: Ball 1-0: Foul Ball, location: 2F 1-1: Called Strike 1-2: Ball 2-2: Strikes out swinging
|
Batting: RHB Carlos Sánchez
|
0-0: Called Strike 0-1: Ball 1-1: SINGLE (Flyball, 78S)
|
Batting: RHB Peter Hensley
|
0-0: Called Strike 0-1: Swinging Strike Passed Ball! Carlos Sánchez to second 0-2: Fly out, F7 (Line Drive, 7D)
|
Bottom of the 3rd over - 0 runs, 1 hit, 0 errors, 1 left on base; Seattle 0 - Portland 1 |
TOP OF THE 4TH |
Seattle Pikes batting - Pitching for Portland Cards : RHP Gustavo Ramos
|
Batting: RHB Randy Sheppard
|
0-0: Ball 1-0: Called Strike 1-1: Swinging Strike 1-2: Foul Ball, location: 2F 1-2: Ball 2-2: Ball 3-2: Strikes out swinging
|
Batting: SHB António Hernández
|
0-0: Called Strike 0-1: Ground out 1-3 (Groundball, 13)
|
Batting: RHB Seiji Kouno
|
0-0: Called Strike 0-1: Ball 1-1: Ground out 6-3 (Groundball, 6)
|
Top of the 4th over - 0 runs, 0 hits, 0 errors, 0 left on base; Seattle 0 - Portland 1 |
BOTTOM OF THE 4TH |
Portland Cards batting - Pitching for Seattle Pikes : LHP David Hill
|
Batting: LHB Paul Mullins
|
0-0: Fly out, F8 (Line Drive, 8RM)
|
Batting: SHB Giancarlo Giannini
|
0-0: Ball 1-0: Foul Ball, location: 2F 1-1: Ball 2-1: Fly out, F7 (Flyball, 7LD)
|
Batting: RHB Bonifacio Torres
|
0-0: Swinging Strike 0-1: Ball 1-1: Ball 2-1: Swinging Strike 2-2: Ground out 5-3 (Groundball, 5)
|
Bottom of the 4th over - 0 runs, 0 hits, 0 errors, 0 left on base; Seattle 0 - Portland 1 |
TOP OF THE 5TH |
Seattle Pikes batting - Pitching for Portland Cards : RHP Gustavo Ramos
|
Batting: SHB Richard Bowman
|
0-0: Ball 1-0: DOUBLE (Line Drive, 8RD)
|
Batting: RHB António López
|
0-0: Ball 1-0: Foul Ball, location: 2F 1-1: Ball 2-1: Foul Ball, location: 2F 2-2: SINGLE (Groundball, 6) (infield hit) Richard Bowman to third
|
Batting: LHB Javier Martínez
|
0-0: Called Strike António López steals 2nd base 0-1: Ball 1-1: Ball 2-1: Fly out, F4 (Line Drive, 4)
|
Batting: RHB Pete Rideout
|
0-0: Called Strike 0-1: Foul Ball, location: 2F 0-2: Ball 1-2: Ball 2-2: Ball 3-2: Strikes out swinging
|
Batting: LHB Richard Hunter
|
0-0: Ball 1-0: Called Strike 1-1: Foul Ball, location: 2F 1-2: Fly out, F8 (Flyball, 8LD)
|
Top of the 5th over - 0 runs, 2 hits, 0 errors, 2 left on base; Seattle 0 - Portland 1 |
BOTTOM OF THE 5TH |
Portland Cards batting - Pitching for Seattle Pikes : LHP David Hill
|
Batting: RHB Norm Francis
|
0-0: Called Strike 0-1: Foul Ball, location: 2F 0-2: Ball 1-2: Ground out 6-3 (Groundball, 6)
|
Batting: LHB Caleb Hall
|
0-0: Ball 1-0: Ball 2-0: Ball 3-0: Called Strike 3-1: Foul Ball, location: 2F 3-2: Strikes out swinging
|
Batting: RHB Jesús Gutiérrez
|
0-0: Ball 1-0: Ball 2-0: Called Strike 2-1: Foul Ball, location: 2F 2-2: Reached via error on a dropped throw, E3
|
Batting: LHB Joel Nelson
|
0-0: Called Strike 0-1: Foul Ball, location: 2F 0-2: SINGLE (Groundball, 56D) Jesús Gutiérrez to second
|
Batting: RHB Carlos Sánchez
|
0-0: Ball 1-0: Foul Ball, location: 2F 1-1: Foul Ball, location: 2F 1-2: Ground out 5-3 (Groundball, 56)
|
Bottom of the 5th over - 0 runs, 1 hit, 1 error, 2 left on base; Seattle 0 - Portland 1 |
TOP OF THE 6TH |
Seattle Pikes batting - Pitching for Portland Cards : RHP Gustavo Ramos
|
Batting: LHB John Clark
|
0-0: Ball 1-0: Ground out 6-3 (Groundball, 6)
|
Batting: RHB Randy Sheppard
|
0-0: Called Strike 0-1: Ball 1-1: Ball 2-1: Fly out, F5 (Popup, 56S)
|
Batting: SHB António Hernández
|
0-0: Called Strike 0-1: Called Strike 0-2: Ball 1-2: Strikes out swinging
|
Top of the 6th over - 0 runs, 0 hits, 0 errors, 0 left on base; Seattle 0 - Portland 1 |
BOTTOM OF THE 6TH |
Portland Cards batting - Pitching for Seattle Pikes : LHP David Hill
|
Batting: RHB Peter Hensley
|
0-0: Ball 1-0: Ball 2-0: Called Strike 2-1: SINGLE (Groundball, 6MD)
|
Batting: LHB Paul Mullins
|
0-0: Ball 1-0: Called Strike 1-1: Ball 2-1: Foul Ball, location: 2F 2-2: Strikes out swinging
|
Batting: SHB Giancarlo Giannini
|
0-0: Ball 1-0: Foul Ball, location: 2F 1-1: Fly out, F6 (Popup, 6)
|
Batting: RHB Bonifacio Torres
|
0-0: Ball 1-0: Called Strike 1-1: Ball 2-1: Foul Ball, location: 2F 2-2: Fielders Choice at 2nd, U6 (Groundball, 6M)
|
Bottom of the 6th over - 0 runs, 1 hit, 0 errors, 1 left on base; Seattle 0 - Portland 1 |
TOP OF THE 7TH |
Seattle Pikes batting - Pitching for Portland Cards : RHP Gustavo Ramos
|
Batting: RHB Seiji Kouno
|
0-0: Ball 1-0: Ground out 4-3 (Groundball, 4M)
|
Batting: SHB Richard Bowman
|
0-0: Ball 1-0: Ball 2-0: Foul Ball, location: 2F 2-1: SINGLE (Groundball, 34D)
|
Batting: RHB António López
|
0-0: Called Strike 0-1: Swinging Strike 0-2: Ball 1-2: Fielders Choice at 2nd, 6-4 (Groundball, 6)
|
Batting: LHB Javier Martínez
|
0-0: Ground out U3 (Groundball, 3)
|
Top of the 7th over - 0 runs, 1 hit, 0 errors, 1 left on base; Seattle 0 - Portland 1 |
BOTTOM OF THE 7TH |
Portland Cards batting - Pitching for Seattle Pikes : LHP David Hill
|
Batting: RHB Norm Francis
|
0-0: Called Strike 0-1: Ball 1-1: Foul Ball, location: 2F 1-2: Ball 2-2: Strikes out swinging
|
Batting: LHB Caleb Hall
|
0-0: Foul Ball, location: 2F 0-1: Swinging Strike 0-2: Ball 1-2: Ball 2-2: Foul Ball, location: 2F 2-2: Foul Ball, location: 2F 2-2: Strikes out swinging
|
Batting: RHB Jesús Gutiérrez
|
0-0: Fly out, F9 (Flyball, 9)
|
Bottom of the 7th over - 0 runs, 0 hits, 0 errors, 0 left on base; Seattle 0 - Portland 1 |
TOP OF THE 8TH |
Seattle Pikes batting - Pitching for Portland Cards : RHP Gustavo Ramos
|
Pitching: LHP Jerry Beck
|
|
Batting: RHB Pete Rideout
|
0-0: Ball 1-0: Foul Ball, location: 2F 1-1: Ball 2-1: Foul Ball, location: 2F 2-2: Ball 3-2: SINGLE (Groundball, 6MD)
|
Batting: LHB Richard Hunter
|
0-0: Ball 1-0: Bunted foul 1-1: Sac Bunt - play at first, batter OUT! 1-4 Pete Rideout to second
|
Pinch Hitting: RHB Manuel Rico
|
0-0: Ball 1-0: Called Strike 1-1: Called Strike 1-2: Foul Ball, location: 2F 1-2: Ball 2-2: Strikes out looking
|
Batting: RHB Randy Sheppard
|
0-0: Ball 1-0: Foul Ball, location: 2F 1-1: Ball 2-1: Ball 3-1: Base on Balls
|
Batting: SHB António Hernández
|
0-0: Ball 1-0: Called Strike 1-1: Ball 2-1: Swinging Strike 2-2: Strikes out looking
|
Top of the 8th over - 0 runs, 1 hit, 0 errors, 2 left on base; Seattle 0 - Portland 1 |
BOTTOM OF THE 8TH |
Portland Cards batting - Pitching for Seattle Pikes : LHP David Hill
|
Pitching: RHP Orlando Ojeda
|
|
Now in LF: Manuel Rico
|
|
Batting: LHB Joel Nelson
|
0-0: Called Strike 0-1: Ball 1-1: Foul Ball, location: 2F 1-2: Ball 2-2: Strikes out looking
|
Batting: RHB Carlos Sánchez
|
0-0: Swinging Strike 0-1: Foul Ball, location: 2F 0-2: Ball 1-2: Strikes out swinging
|
Batting: RHB Peter Hensley
|
0-0: Ball 1-0: Ground out 5-3 (Groundball, 5)
|
Bottom of the 8th over - 0 runs, 0 hits, 0 errors, 0 left on base; Seattle 0 - Portland 1 |
TOP OF THE 9TH |
Seattle Pikes batting - Pitching for Portland Cards : LHP Jerry Beck
|
Pitching: LHP Allan Bader
|
|
Batting: RHB Seiji Kouno
|
0-0: Foul Ball, location: 2F 0-1: Foul Ball, location: 2F 0-2: Ball 1-2: Ground out 4-3 (Groundball, 34S)
|
Pinch Hitting: RHB Robert Johnson
|
0-0: Foul Ball, location: 2F 0-1: Called Strike 0-2: Strikes out swinging
|
Batting: RHB António López
|
0-0: Ball 1-0: Ground out 5-3 (Groundball, 56S)
|
Top of the 9th over - 0 runs, 0 hits, 0 errors, 0 left on base; Seattle 0 - Portland 1 |
|